 Dungeon Crawl Stone Soup version 0.31-a0-564-g3b7de120b3 (webtiles) character file.

Game seed: 7718933808806073338

769 heikuro the Shield-Bearer (level 8, 0/62 HPs)
             Began as a Formicid Fighter on Aug 18, 2023.
             Slain by Dowan
             ... wielding a +0 dagger
              (4 damage)
             ... on level 4 of the Dungeon.
             The game lasted 00:07:00 (3159 turns).

heikuro the Shield-Bearer (Formicid Fighter)        Turns: 3159, Time: 00:07:01

Health: 0/62       AC: 13    Str: 23    XL:     8   Next: 9%
Magic:  8/8        EV:  6    Int:  8    God:
Gold:   158        SH:  5    Dex: 13    Spells: 7/7 levels left

rFire   . . .        b - +2 flail (heavy)
rCold   + . .        c - +0 buckler
rNeg    . . .        l - +0 plate armour
rPois   +            (helmet unavailable)
rElec   +            s - +0 cloak
rCorr   .            (no gloves)
SInv    +            (no boots)
Will    .....        (no amulet) Stlth
                     (no ring)
HPRegen 0.30/turn    (no ring)
MPRegen 0.11/turn

%: no passive effects
@: no status effects
A: permanent stasis, dig shafts and tunnels, antennae 3, four strong arms, cold
resistance 1, poison resistance, electricity resistance
a: Dig, Shaft Self


You were on level 4 of the Dungeon.
You visited 1 branch of the dungeon, and saw 4 of its levels.

You collected 158 gold pieces.

Inventory:

Hand Weapons
 a - a +0 war axe
 b - a +2 heavy flail (weapon)
Missiles
 v - 3 curare-tipped darts
Armour
 c - a +0 buckler (worn)
 l - a +0 plate armour (worn)
 s - a +0 cloak (worn)
Jewellery
 e - a ring of flight
Wands
 y - a wand of acid (9)
 z - a wand of flame (16)
Scrolls
 f - a scroll of poison {unknown}
 j - a scroll of teleportation {unknown}
 k - a scroll of blinking {unknown}
 o - a scroll of enchant weapon {unknown}
 q - a scroll of enchant armour {unknown}
 u - a scroll of summoning {unknown}
 x - a scroll of amnesia {unknown}
Potions
 d - a potion of might
 g - 3 potions of resistance
 h - 3 potions of mutation
 i - a potion of degeneration {unknown}
 m - 2 potions of lignification
 n - a potion of invisibility {unknown}
 p - a potion of curing {unknown}
 r - a potion of magic {unknown}
 t - 3 potions of heal wounds {unknown}
 w - a potion of enlightenment {unknown}


   Skills:
 + Level 5.2 Fighting
 * Level 5.6 Axes
 + Level 5.2 Armour
 + Level 6.3 Shields


You had 7 spell levels left.
You didn't know any spells.
Your spell library contained the following spells:

 Spells                   Type           Power      Damage    Failure   Level
 Portal Projectile        Hex/Tloc       0%         N/A       100%        3
 Tukima's Dance           Hex            0%         N/A       100%        3
 Cause Fear               Hex            0%         N/A       100%        4
 Iskenderun's Mystic Bla  Conj/Tloc      0%         2d3       100%        4
 Fireball                 Conj/Fire      0%         3d3       100%        5
 Dragon's Call            Summ           0%         N/A       100%        9


Dungeon Overview and Level Annotations

Branches:
Dungeon (4/15)
 Temple: D:4-7

Altars:

Shops:
D:4 (*

Annotations:
D:4 Dowan


Innate Abilities, Weirdness & Mutations

You cannot be hasted, slowed, berserked, paralysed or teleported.
You can dig through walls and to a lower floor.
You have a pair of large antennae on your head. (SInv)
Your four strong arms can wield two-handed weapons with a shield.
Your flesh is cold resistant. (rC+)
Your system is resistant to poisons. (rPois)
You are resistant to electric shocks. (rElec)


Message History

You closely miss the hobgoblin. You block the hobgoblin's attack.
The hobgoblin hits you. Dowan hits you with a +0 dagger.
Unknown command.
You miss Dowan.
Dowan is heavily wounded.
Dowan hits you but does no damage.
The hobgoblin hits you but does no damage.
Dowan hits you but does no damage. The hobgoblin hits you.
Unknown command.
You miss Dowan.
Dowan is heavily wounded.
Dowan casts a spell at you. The shard of ice hits you. You partially resist.
* * * LOW HITPOINT WARNING * * *
Dowan hits you but does no damage.
The hobgoblin hits you but does no damage.
Dowan hits you but does no damage. The hobgoblin completely misses you.
You hit Dowan.
Dowan is severely wounded.
Dowan gestures wildly while chanting.
Dowan blinks!
The hobgoblin barely misses you. x2
Unknown command.
You hit the hobgoblin but do no damage.
The hobgoblin hits you but does no damage.
Dowan closely misses you. The hobgoblin barely misses you.
Unknown command.
You hit the hobgoblin.
You kill the hobgoblin!
Dowan casts a spell at you. The stone arrow hits you!
* * * LOW HITPOINT WARNING * * *
You block Dowan's attack. Dowan hits you with a +0 dagger.
* * * LOW HITPOINT WARNING * * *
You barely miss Dowan.
Dowan is severely wounded.
You block Dowan's attack. Dowan gestures at you while chanting.
The shard of ice hits you but does no damage.
Dowan hits you with a +0 dagger.
You die...

. ..# #....#.##.# # #.# #.#
#.........# #.#.. #.#
##...###### ####.##.##.#
#...# ........#.# #...# ####
## #.#.......# #...####...
... #.#..#..#.####........##
..##.....e...)).....รท......
. ...#..#$@..()............
....##e#..##)................
.......<..)..#.###....#.##...
########.......# #........)#.
##.###### #....#.####. #.#
#....#.# ## ..# #....#.# ####
###......# #.....[###


You could see Dowan (fast).

Vanquished Creatures
  Grinder (D:4)
  Edmund (D:4)
  Duvessa (D:4)
  A sky beast (D:4)
  An ogre (D:4)
  An orc priest (D:4)
  Jessica (D:3)
  An iguana (D:4)
  2 adders
  A worm (D:3)
  2 dart slugs
  10 orcs
  7 ball pythons
  7 endoplasms
  4 goblins
  7 hobgoblins
  7 jackals
  3 quokkas (D:3)
  6 bats
  3 frilled lizards
  5 kobolds (D:1)
  3 rats
75 creatures vanquished.

Notes
Turn   | Place    | Note
-------+----------+-------------------------------------------
     0 | D:1      | heikuro the Formicid Fighter began the quest for the Orb.
     0 | D:1      | Reached XP level 1. HP: 18/18 MP: 1/1
   125 | D:1      | Reached XP level 2. HP: 24/24 MP: 2/2
   212 | D:1      | Reached XP level 3. HP: 28/29 MP: 3/3
   572 | D:2      | Found a faded altar of an unknown god.
  1399 | D:3      | Reached XP level 4. HP: 20/37 MP: 4/4
  1494 | D:3      | Noticed Jessica
  1505 | D:3      | Killed Jessica
  2083 | D:3      | Reached XP level 5. HP: 42/42 MP: 5/5
  2380 | D:4      | Noticed a sky beast
  2380 | D:4      | Found Urorhech's Assorted Antiques.
  2389 | D:4      | Killed a sky beast
  2390 | D:4      | Reached skill level 5 in Shields
  2390 | D:4      | Reached XP level 6. HP: 48/48 MP: 6/6
  2466 | D:4      | Noticed Edmund
  2470 | D:4      | Killed Edmund
  2606 | D:4      | Found Giytahoe's Antique Weapon Shoppe.
  2690 | D:4      | Noticed Grinder
  2709 | D:4      | Killed Grinder
  2710 | D:4      | Reached skill level 5 in Axes
  2710 | D:4      | Reached XP level 7. HP: 21/55 MP: 7/7
  2734 | D:4      | Noticed Dowan
  2737 | D:4      | Noticed Duvessa
  2799 | D:4      | Gained mutation: You are resistant to electric shocks.
                  | (rElec) [potion of mutation]
  2799 | D:4      | Gained mutation: Your flesh is cold resistant. (rC+)
                  | [potion of mutation]
  2799 | D:4      | Gained mutation: Your system is resistant to poisons.
                  | (rPois) [potion of mutation]
  2955 | D:4      | Reached skill level 6 in Shields
  2978 | D:4      | Reached skill level 5 in Fighting
  2978 | D:4      | Reached skill level 5 in Armour
  3147 | D:4      | Killed Duvessa
  3148 | D:4      | Reached XP level 8. HP: 32/62 MP: 8/8
  3159 | D:4      | Slain by Dowan

Illustrated notes

Levels and vault maps discovered:
D:1:      dpeg_arrival_three_smaller_balls, layout_rooms, minmay_close_crescents
D:2:      layout_basic, nicolae_ecumenical_pavilion
D:3:      layout_loops_corners, uniq_jessica
D:4:      layout_loops_cross, serial_shops, shop, shop, shop_fountains,
          uniq_edmund, uniq_grinder, uniq_duvessa

Skill      XL: |  1  2  3  4  5  6  7 |
---------------+----------------------+-----
Axes           | 3 5 |  5.6
Fighting       | 4 5 |  5.2
Armour         | 4 5 |  5.2
Shields        | 5 6 |  6.3

Action                     |  1- 3 |  4- 6 |  7- 9 || total
---------------------------+-------+-------+-------++-------
  Melee: War axe           |    60 |       |       ||    60
         Flail             |    19 |    67 |    36 ||   122
         Unarmed           |     2 |       |       ||     2
    Use: Scroll            |       |     3 |       ||     3
         Potion            |       |     1 |     1 ||     2
 Armour: Scale mail        |    45 |    48 |       ||    93
         Chain mail        |       |     5 |    11 ||    16
         Plate armour      |       |       |    27 ||    27
  Dodge: Dodged            |    42 |    37 |    15 ||    94
  Block: Buckler           |    15 |    30 |    18 ||    63
         Form:             |     1 |       |       ||     1
         Flux              |     1 |       |       ||     1

Table legend: (Time is in decaauts)
 A = Elapsed time spent in this place.
 B = Non-inter-level travel time spent in this place.
 C = Inter-level travel time spent in this place.
 D = Time resting spent in this place.
 E = Time spent auto-exploring this place.
 F = Levels seen in this place.
 G = Mean time per level.
                   A        B        C        D        E       F      G
               +--------+--------+--------+--------+--------+-----+--------+
         Total |   3296 |   3151 |    145 |     79 |   2268 |   4 |  824.0 |
       Dungeon |   3296 |   3151 |    145 |     79 |   2268 |   4 |  824.0 |
               +--------+--------+--------+--------+--------+-----+--------+

Top non-repeatable levels by time:
     D:3: 1098 daAuts
     D:2: 824 daAuts
     D:4: 778 daAuts
     D:1: 595 daAuts
